 Dungeon Crawl Stone Soup version 0.17-a0-1403-g9df874c (webtiles) character file.

2054 nOvoid the Archer (level 9, 0/70 HPs)
             Began as a Centaur Hunter on June 21, 2015.
             Was a Believer of Okawaru.
             Succumbed to a scorpion's poison
             ... on level 7 of the Dungeon.
             The game lasted 00:33:13 (7563 turns).

nOvoid the Archer (Centaur Hunter)                  Turns: 7563, Time: 00:33:13

Health: 0/70       AC:  7    Str: 15      XL:     9   Next: 5%
Magic:  9/9        EV: 10    Int: 10      God:    Okawaru [**....]
Gold:   312        SH:  0    Dex: 11 (13) Spells: 0 memorised, 8 levels left

rFire  . . .     SeeInvis .     D - +4 halberd
rCold  . . .     Clarity  .     s - +0 robe
rNeg   . . .     SustAt   .     (no shield)
rPois  .         Gourm    .     j - +1 helmet
rElec  .         Spirit   .     (no cloak)
rCorr  .         Warding  .     L - +0 pair of gloves
rMut   .         Stasis   .     (no barding)
MR     .....                    (no amulet)
Stlth  ++........               (no ring)
                                h - ring of stealth

@: lethally poisoned (0 -> -11), flying, very quick, not resistant to hostile
enchantments, unstealthy
A: hooves 3, deformed body, speed 2, tough skin 3
a: Heroism, Renounce Religion


You were on level 7 of the Dungeon.
You worshipped Okawaru.
Okawaru was pleased with you.
You were not hungry.

You visited 2 branches of the dungeon, and saw 8 of its levels.

You collected 312 gold pieces.

Inventory:

Hand weapons
 a - a +1 shortbow
 b - a +0 spear of piercing
 c - a +0 short sword
 y - a +0 trident
 D - a +4 halberd (weapon)
 G - a +0 trident
Missiles
 J - 17 arrows
Armour
 d - a +0 robe
 j - a +1 helmet (worn)
 k - a +0 leather armour
 s - a +0 robe (worn)
 L - a +0 pair of gloves (worn)
 N - a +0 robe
Jewellery
 h - a ring of stealth (left hand)
 z - a cursed ring of loudness {unknown}
 A - an uncursed amulet of stasis
 H - an uncursed ring of sustain attributes {unknown}
Scrolls
 f - 5 scrolls of identify {unknown}
 g - 4 scrolls of remove curse {unknown}
 l - 3 scrolls of teleportation {unknown}
 t - a scroll of recharging {unknown}
 w - a scroll of enchant weapon {unknown}
 x - a scroll of immolation {unknown}
 B - a scroll of amnesia {unknown}
 C - 2 scrolls of fog {unknown}
 F - 3 scrolls of blinking {unknown}
 I - 2 scrolls of random uselessness {unknown}
 K - a scroll of noise {unknown}
Potions
 i - a potion of heal wounds {unknown}
 r - a potion of resistance {unknown}
 u - a potion of haste {unknown}
 v - a potion of magic {unknown}
 E - a potion of mutation {unknown}
 M - a potion of degeneration
Books
 O - a book of Frost

   Spells                             Type                      Level
   a - Freeze                         Ice                          1
   b - Throw Frost                    Conjuration/Ice              2
   c - Ozocubu's Armour               Charms/Ice                   3
   d - Throw Icicle                   Conjuration/Ice              4
   e - Summon Ice Beast               Ice/Summoning                4
   f - Condensation Shield            Ice                          4
 Q - a book of Maledictions

   Spells                             Type                      Level
   a - Corona                         Hexes                        1
   b - Ensorcelled Hibernation        Hexes/Ice                    2
   c - Confuse                        Hexes                        3
   d - Tukima's Dance                 Hexes                        3
   e - Dazzling Spray                 Conjuration/Hexes            3
Comestibles
 e - 7 bread rations
 m - a royal jelly
 n - 2 beef jerkies
 o - 3 fruits
 p - 4 meat rations
 P - a chunk of flesh


   Skills:
 * Level 3.6 Fighting
 * Level 2.2 Polearms
 * Level 14.0 Bows
 + Level 0.1 Armour
 + Level 2.6 Dodging
 + Level 1.1 Stealth


You had 8 spell levels left.
You didn't know any spells.

Dungeon Overview and Level Annotations

Branches:
Dungeon (7/15)             Temple (1/1) D:5

Altars:
Cheibriados
Dithmenos
Elyvilon
Fedhas
Gozag
Kikubaaqudgha
Makhleb
Nemelex Xobeh
Okawaru
Qazlal
Ru
Trog
Vehumet
Xom
Yredelemnul
Zin
The Shining One


Innate Abilities, Weirdness & Mutations

You have hooves in place of feet.
Armour fits poorly on your strangely shaped body.
You cover ground very quickly.
You have extremely tough skin (AC +3).


Message History

* * * LOW HITPOINT WARNING * * *
Attack whom?
Press: ? - help, Dir - move target cursor, f/p - scorpion
Aim: a scorpion (almost dead)
You slash the scorpion!
You kill the scorpion!
Okawaru accepts your kill.
* * * LOW HITPOINT WARNING * * *
You feel sick.
Drink which item? (? for menu, Esc to quit)
It was a potion of degeneration.
There was something very wrong with that liquid.
You feel clumsy.
* * * LOW HITPOINT WARNING * * *
You feel sick.
Drink which item? (? for menu, Esc to quit)
It was a potion of flight.
You feel very buoyant.
You fly up into the air.
You die...

##.....##).#
#.....###.## .
##.....##..# ..
#.....# #)## #..
##.....###.## #..
##......#....## #..
#.........#...##
#..#.%)...######..##
#..@(.#### ##..##
##..### ###.. #.##
##. #.. ## #.# .?
#.# <.


There were no monsters in sight!

Vanquished Creatures
  A black bear (D:6)
  An ice beast (D:6)
  An ogre (D:5)
  A sky beast (D:6)
  The ghost of xgamer67 the Charlatan, an average HuAr (D:4)
  3 phantoms
  2 big kobolds
  2 gnoll sergeants
  2 giant frogs
  3 scorpions
  3 crimson imps
  An orc priest (D:6)
  A hound (D:6)
  2 centaur skeletons (D:5)
  2 orc wizards
  2 iguanas
  5 worker ants
  A hound skeleton (D:6)
  19 gnolls
  8 adders
  An ooze (D:4)
  An adder zombie (D:5)
  An adder skeleton (D:6)
  6 worms
  10 orcs
  3 ball pythons
  6 hobgoblins
  3 jackals (D:1)
  20 kobolds
  2 quokkas
  9 bats
  5 giant cockroaches
  3 giant geckos
  3 giant newts
  10 goblins
  13 rats
157 creatures vanquished.

Notes
Turn   | Place    | Note
--------------------------------------------------------------
     0 | D:1      | nOvoid the Centaur Hunter began the quest for the Orb.
     0 | D:1      | Reached XP level 1. HP: 17/17 MP: 1/1
   184 | D:1      | Reached XP level 2. HP: 19/24 MP: 2/2
   227 | D:1      | Reached skill level 6 in Bows
   432 | D:1      | Reached XP level 3. HP: 6/29 MP: 3/3
   900 | D:2      | Found a shimmering altar of Xom.
  1034 | D:2      | Found a faded altar to an unknown god.
  1153 | D:2      | Reached skill level 7 in Bows
  1393 | D:3      | Reached XP level 4. HP: 27/36 MP: 4/4
  1426 | D:3      | HP: 1/36 [something/puff of flame (7)]
  2157 | D:3      | Reached skill level 8 in Bows
  2361 | D:4      | Noticed xgamer67's ghost (average HuAr)
  2474 | D:4      | Killed xgamer67's ghost
  2474 | D:4      | Reached XP level 5. HP: 38/41 MP: 5/5
  2636 | D:4      | Reached skill level 9 in Bows
  2736 | D:4      | Reached XP level 6. HP: 44/48 MP: 6/6
  3271 | D:5      | Entered Level 5 of the Dungeon
  3436 | D:5      | Found a staircase to the Ecumenical Temple.
  3450 | Temple   | Entered the Ecumenical Temple
  3588 | Temple   | Became a worshipper of Warmaster Okawaru
  3687 | D:5      | Reached skill level 10 in Bows
  3766 | D:5      | Reached XP level 7. HP: 55/55 MP: 7/7
  3909 | D:5      | Reached skill level 11 in Bows
  4195 | D:5      | Acquired Okawaru's first power
  4650 | D:5      | Reached skill level 12 in Bows
  4983 | D:6      | Reached XP level 8. HP: 27/61 MP: 8/8
  5133 | D:6      | Reached skill level 13 in Bows
  5829 | D:5      | HP: 3/62 [poisoned by a worker ant]
  6348 | D:6      | Reached skill level 1 in Stealth
  6526 | D:6      | HP: 2/62 [something (5)]
  6744 | D:6      | Reached skill level 1 in Polearms
  7447 | D:7      | Reached skill level 14 in Bows
  7524 | D:7      | Reached XP level 9. HP: 35/70 MP: 9/9
  7561 | D:7      | HP: 3/70 [poisoned by a scorpion]
  7562 | D:7      | HP: 1/70 [poisoned by a scorpion]
  7563 | D:7      | Succumbed to a scorpion's poison

Vault maps used:
D:1:      sevenhm_arrival_forest_fort_small_6, corner_web_ring
D:2:      first_bread, ecumenical_altar_1, xom_teletrap_fun
D:5:      minmay_temple_entry_grid, kennysheep_generic_room_7
Temple:   minmay_crystal_snake_temple_18

Action                   |  1- 3 |  4- 6 |  7- 9 || total
-------------------------+-------+-------+-------++-------
Melee: Short sword       |       |     6 |    20 ||    26
       Shortbow          |       |     1 |       ||     1
       Halberd           |       |       |   156 ||   156
 Fire: Shortbow          |   104 |   194 |   193 ||   491
  Use: Potion            |       |       |     3 ||     3
  Eat: Chunk             |       |     5 |     6 ||    11
       Bread ration      |       |       |     1 ||     1
